Map: Backwater LE

Players

Kunamatata - Winner!

  • Race: Terran Terran
  • League: Grandmaster
  • Spawn Location: 5:00

DIRESTRAIT

  • Race: Zerg Zerg
  • League: Master
  • Spawn Location: 11:00

VOD

Have the link to the VOD?

Description

ghostTVZopener

Time

  • Played on: Feb. 7, 2018, 6:21 p.m.
  • Length: 14:02
Show
View Real Time Build Order
Export as new Build Order

Kunamatata Terran - Winner!

Build Orders: Hellion Opening, Reaper Expand, Bio Tank 

Get SALT Encoding   

  12  0:00  SCV  
  13  0:13  SCV  
  14  0:17  Supply Depot  
  14  0:25  SCV  
  15  0:30  Refinery  
  15  0:39  SCV  
  16  0:44  Barracks  
  16  0:51  SCV  
  17  1:03  SCV  
  18  1:15  SCV  
  19  1:31  Orbital Command, Reaper  
  20  1:43  Command Center  
  20  1:52  Factory  
  20  1:56  SCV  
  21  2:04  Supply Depot  
  21  2:07  Barracks Reactor  
  21  2:09  SCV  
  21  2:14  Refinery  
  22  2:22  SCV  
  23  2:27  Ghost Academy  
  23  2:34  SCV  
  24  2:46  SCV  
  24  2:50  Hellion x2, Barracks Tech Lab  
  29  2:56  Orbital Command  
  29  3:02  SCV  
  30  3:08  Ghost  
  32  3:14  SCV  
  32  3:17  Hellion  
  35  3:22  Hellion  
  35  3:25  SCV  
  35  3:26  SCV  
  39  3:34  Supply Depot  
  39  3:37  SCV  
  39  3:38  Ghost  
  39  3:40  SCV  
  43  3:46  Hellion  
  45  3:55  Supply Depot  
  45  3:56  Hellion  
  45  3:57  SCV, Supply Depot  
  48  4:12  SCV x2  
  48  4:13  Hellion, Ghost  
  54  4:21  Supply Depot  
  54  4:24  SCV x2  
  56  4:36  SCV x2  
  58  4:48  SCV  
  58  4:49  SCV  
  58  5:00  SCV  
  58  5:01  SCV, Command Center  
  59  5:08  Barracks  
  59  5:09  Barracks, Starport  
  59  5:11  Barracks  
  59  5:12  Supply Depot  
  59  5:13  SCV x2  
  61  5:17  Stimpack  
  61  5:21  Marine  
  63  5:25  SCV x2  
  64  5:30  Refinery  
  64  5:31  Factory Tech Lab, Refinery  
  64  5:34  Engineering Bay  
  64  5:35  Engineering Bay  
  64  5:37  SCV x2  
  64  5:41  Marine  
  67  5:47  Starport Reactor  
  67  5:49  SCV x2, Barracks  
  69  5:50  Siege Tank  
  72  6:01  SCV x2  
  74  6:07  Barracks Reactor x3, Terran Infantry Weapons Level 1, Terran Infantry Armor Level 1  
  74  6:13  SCV x2  
  74  6:14  Orbital Command  
  74  6:16  Refinery  
  76  6:19  Refinery  
  76  6:21  Marine  
  76  6:24  Medivac, Siege Tank  
  76  6:25  SCV x2  
  84  6:35  Medivac  
  84  6:37  SCV  
  84  6:38  SCV, Marine  
  89  6:44  Marine x6  
  89  6:45  SCV  
  96  6:47  Barracks, Marine x2  
  96  6:48  Factory  
  96  6:49  SCV  
  99  6:56  Marine  
  99  6:57  Armory  
  101  7:01  Marine  
  101  7:03  Supply Depot  
  101  7:04  Supply Depot x2  
  101  7:05  SCV, Marine  
  101  7:20  Supply Depot  
  101  7:23  Supply Depot  
  101  7:24  Marine x2  
  101  7:25  Medivac, SCV x2, Marine x2, Siege Tank  
  112  7:31  Marine x5  
  112  7:32  SCV  
  118  7:37  SCV x2, Factory Tech Lab  
  118  7:40  Factory  
  118  7:42  Marine x2  
  123  7:44  SCV  
  123  7:47  Terran Vehicle Weapons Level 1  
  123  7:53  Marine x2  
  123  7:54  Marine x4  
  123  7:55  Medivac x2  
  133  8:10  Command Center  
  131  8:16  SCV x3  
  131  8:22  Marine x4  
  131  8:24  Factory Tech Lab, Supply Depot x2  
  135  8:27  Marine x3  
  135  8:28  SCV x2, Marine  
  135  8:29  Combat Shields  
  141  8:45  Siege Tank  
  144  8:51  Marine x7  
  144  8:52  Marine x2, Siege Tank  
  155  9:03  Siege Tank  
  155  9:09  SCV, Engineering Bay  
  157  9:11  Engineering Bay  
  157  9:14  Marine x2  
  157  9:15  SCV  
  157  9:16  SCV, Marine  
  153  9:18  Siege Tank  
  153  9:21  SCV  
  149  9:25  Supply Depot  
  149  9:26  Medivac  
  149  9:27  Medivac, SCV, Supply Depot, Siege Tank  
  149  9:28  Supply Depot  
  157  9:34  SCV x2, Marine x6  
  157  9:35  Terran Infantry Weapons Level 2  
  165  9:42  Marine  
  165  9:46  Marine  
  165  9:47  Marine, Siege Tank  
  165  9:50  Siege Tank  
  165  9:52  Marine x3  
  157  9:56  Medivac  
  157  9:57  Marine x3  
  159  10:00  Marine  
  159  10:02  Siege Tank  
  159  10:04  Marine x2  
  165  10:09  Marine x3  
  165  10:12  Terran Infantry Armor Level 2  
  165  10:13  Terran Vehicle Weapons Level 2  
  168  10:19  Siege Tank  
  152  10:22  Marine, Siege Tank  
  152  10:23  Marine x5  
  152  10:27  Marine x3  
  142  10:34  Siege Tank  
  141  10:40  Marine x3  
  141  10:41  Marine x2  
  145  10:51  Marine x3  
  145  10:52  Marine  
  149  10:58  Marine x3  
  152  11:05  Marine x2  
  152  11:08  Missile Turret  
  152  11:09  Unknown x3, Marine x4  
  152  11:10  Unknown  
  158  11:19  Factory Tech Lab, Marine  
  158  11:20  Marine x2, Siege Tank x2  
  158  11:21  Medivac x2  
  158  11:23  Marine x2  
  173  11:30  Marine x4  
  177  11:37  Marine  
  177  11:38  Marine  
  179  11:52  Siege Tank  
  179  11:53  Siege Tank  
  179  11:54  Marine x7  
  185  11:55  Marine  
  186  12:05  Marine  
  158  12:11  Marine  
  158  12:12  Marine x6  
  158  12:13  Marine  
  155  12:21  Siege Tank  
  156  12:23  Marine  
  156  12:25  Siege Tank x2  
  156  12:29  Marine  
  159  12:30  Marine x6  
  159  12:31  Marine  
  159  12:35  SCV  
  167  12:41  Marine  
  167  12:43  Orbital Command  
  168  12:47  Marine x3  
  171  13:00  Marine x6  
  171  13:01  Siege Tank x3  
  171  13:05  Marine x3  
  176  13:18  Marine x6  
  173  13:28  Marine x3  
  176  13:36  Marine x6  
Show
View Real Time Build Order
Export as new Build Order

DIRESTRAIT Zerg 

Build Orders: Hatch First 

Get SALT Encoding   

  12  0:01  Drone  
  13  0:12  Overlord  
  13  0:17  Drone  
  14  0:31  Drone x2  
  16  0:36  Drone  
  17  0:53  Hatchery  
  17  0:57  Drone  
  17  0:59  Extractor  
  17  1:01  Drone  
  17  1:15  Spawning Pool  
  16  1:19  Drone  
  16  1:21  Drone  
  18  1:28  Drone  
  19  1:38  Overlord  
  19  2:01  Metabolic Boost, Queen  
  19  2:03  Zergling x2  
  19  2:05  Zergling x2  
  19  2:07  Drone  
  24  2:12  Drone  
  24  2:13  Queen  
  27  2:17  Drone  
  28  2:24  Drone  
  29  2:33  Drone x2  
  30  2:37  Overlord  
  30  2:41  Queen  
  30  2:43  Zergling x2  
  33  2:53  Drone  
  33  2:54  Queen  
  36  3:03  Drone x2  
  38  3:14  Drone x3  
  38  3:15  Drone  
  42  3:20  Hatchery  
  42  3:25  Overlord  
  41  3:29  Overlord  
  41  3:32  Queen  
  43  3:36  Overlord  
  43  3:38  Zergling x2  
  44  3:45  Drone x5  
  44  3:46  Drone  
  50  3:50  Extractor  
  49  3:57  Drone x3  
  49  3:58  Roach Warren  
  52  4:02  Drone  
  52  4:03  Drone x2  
  52  4:11  Queen  
  52  4:12  Queen  
  52  4:14  Zergling x2  
  52  4:15  Zergling x2  
  56  4:19  Zergling x2  
  56  4:20  Zergling x4  
  59  4:26  Zergling x8  
  61  4:31  Zergling x2  
  59  4:44  Zergling x4  
  59  4:47  Queen  
  59  4:48  Baneling Nest  
  59  4:49  Roach  
  61  4:54  Roach  
  61  4:56  Roach x2  
  61  4:57  Roach  
  64  5:00  Roach  
  64  5:08  Overlord  
  64  5:13  Overlord  
  64  5:17  Hatchery  
  64  5:18  Roach  
  65  5:34  Roach  
  65  5:35  Roach x6  
  79  5:42  Overlord  
  79  5:45  Extractor  
  78  5:57  Lair  
  78  5:59  Extractor, Drone x2  
  78  6:00  Drone x2  
  78  6:01  Drone x3  
  78  6:02  Drone  
  85  6:14  Overlord x2  
  84  6:31  Drone x3  
  84  6:32  Drone x2  
  89  6:33  Drone x2  
  89  6:34  Queen, Drone x2  
  89  6:37  Drone  
  96  6:40  Evolution Chamber x2  
  96  6:42  Roach x2  
  98  6:48  Overlord  
  98  6:51  Overlord x2  
  98  6:53  Spine Crawler, Spore Crawler  
  96  6:56  Centrifical Hooks, Glial Reconstitution  
  96  6:59  Hydralisk Den  
  95  7:02  Drone x4  
  99  7:11  Zerg Missile Weapons Level 1  
  99  7:12  Zerg Ground Armor Level 1  
  99  7:17  Drone x6  
  105  7:23  Extractor, Drone  
  105  7:24  Extractor, Drone x3  
  107  7:34  Overlord  
  107  7:37  Hydralisk x3  
  107  7:40  Overseer  
  107  7:43  Drone  
  107  7:44  Drone x2  
  116  7:51  Hydralisk  
  116  7:52  Hydralisk x3  
  124  8:00  Hydralisk x2  
  128  8:08  Hydralisk x2  
  124  8:13  Roach x3  
  128  8:23  Hydralisk Den  
  127  8:29  Roach x5  
  127  8:31  Overlord x3  
  137  8:39  Spine Crawler  
  137  8:41  Spore Crawler  
  135  8:52  Zergling x14  
  135  8:53  Zergling x8  
  135  8:54  Hatchery  
  145  9:05  Hydralisk x5  
  147  9:15  Hydralisk  
  147  9:16  Hydralisk x3  
  135  9:23  Baneling  
  109  9:24  Baneling x12  
  109  9:25  Baneling x2  
  109  9:26  Baneling  
  109  9:27  Baneling x2  
  109  9:28  Baneling  
  109  9:30  Roach  
  111  9:37  Roach x4  
  117  9:40  Baneling x2  
  117  9:41  Baneling  
  117  9:43  Roach  
  107  9:54  Roach x6  
  107  9:58  Roach  
  107  9:59  Roach x2  
  121  10:01  Zergling x2  
  121  10:02  Zergling x2  
  121  10:04  Ravager  
  121  10:05  Ravager x3  
  127  10:10  Roach x2  
  131  10:21  Roach x5  
  125  10:22  Roach  
  125  10:24  Hydralisk  
  126  10:35  Hydralisk x4  
  126  10:42  Hydralisk x2  
  138  10:48  Muscular Augments  
  136  10:56  Drone x3  
  140  10:57  Drone x2  
  140  10:59  Extractor x2  
  140  11:01  Infestation Pit  
  138  11:16  Zergling x2  
  138  11:17  Zergling x16  
  147  11:22  Zerg Missile Weapons Level 2  
  148  11:25  Ravager x2  
  148  11:26  Ravager x3  
  148  11:28  Hatchery  
  148  11:31  Zergling x10  
  156  11:37  Baneling  
  156  11:38  Baneling x8  
  156  11:39  Zergling x2  
  159  11:40  Zergling x4  
  159  11:50  Zergling x2  
  159  11:52  Overlord x4  
  119  12:15  Roach x5  
  102  12:16  Roach x7  
  102  12:17  Roach x2  
  102  12:20  Hydralisk  
  102  12:21  Zergling x2  
  111  12:27  Roach x3  
  114  12:30  Zergling x2  
  114  12:33  Hydralisk  
  114  12:38  Ravager x3  
  114  12:40  Ravager x2  
  114  12:42  Zergling x6  
  122  12:47  Baneling x2  
  122  12:48  Ravager  
  122  12:49  Zergling x2  
  122  12:50  Zergling x16  
  122  12:51  Zergling x2  
  133  12:53  Baneling x2  
  133  12:58  Zergling x6  
  109  13:08  Hydralisk x3  
  109  13:09  Hydralisk  
  103  13:22  Hydralisk x4  
  107  13:33  Hydralisk x2  
  107  13:34  Hydralisk  
  109  13:36  Baneling x2  
  109  13:37  Baneling x3  
  104  13:55  Hatchery  
Tags
 
Add a new tag
Caveats
  • Supply blocks, unpowered buildings, or Contaminate may cause inaccurate times.
  • Supply counts are checked every 10 seconds.